 Dungeon Crawl Stone Soup version 0.30-a0-4-ga7cffc901d (webtiles) character file.

Game seed: 10646325007075754051

17990 voltaire321 the Covert (level 12, -1/85 HPs)
             Began as an Octopode Venom Mage on Aug 20, 2022.
             Was a Priest of Vehumet.
             Slain by a polar bear (4 damage)
             ... on level 2 of the Lair of Beasts on Aug 21, 2022.
             The game lasted 00:54:00 (18577 turns).

voltaire321 the Covert (Octopode Venom Mage)       Turns: 18577, Time: 00:54:01

Health: -1/85      AC:  7    Str: 15    XL:     12   Next: 53%
Magic:  10/24      EV: 16    Int: 21    God:    Vehumet [***...]
Gold:   703        SH:  5    Dex: 12    Spells: 12/27 levels left

rFire   . . .      SeeInvis .    B - +4 rapier (venom)
rCold   . . .      Faith    .    (no shield)
rNeg    . . .      Spirit   .    A - +2 hat
rPois   +          Reflect  +    x - amulet of reflection
rElec   .          Harm     .    d - +4 ring of protection
rCorr   +          Rampage  .    j - ring of wizardry
Will    .....                    s - ring of resist corrosion
Stlth   ++++++....               f - ring of poison resistance
HPRegen 0.24/turn                m - +6 ring of strength
MPRegen 0.19/turn                (no ring)
                                 (no ring)
                                 (no ring)

@: no status effects
A: almost no armour, amphibious, 8 rings, camouflage 1, gelatinous body 1,
(nimble swimmer 1), tentacles
a: Renounce Religion


You were on level 2 of the Lair of Beasts.
You worshipped Vehumet.
Vehumet was most pleased with you.
You visited 3 branches of the dungeon, and saw 14 of its levels.

You collected 703 gold pieces.

Inventory:

Hand Weapons
 h - a +3 short sword
 l - a +2 whip of venom
 B - a +4 rapier of venom (weapon)
Missiles
 C - a throwing net
Armour
 A - a +2 hat (worn)
Magical Staves
 D - a staff of poison
Jewellery
 d - a +4 ring of protection (left tentacle)
 f - a ring of poison resistance (on tentacle)
 j - a ring of wizardry (right tentacle)
 m - a +6 ring of strength (on tentacle)
 s - a ring of resist corrosion (on tentacle)
 t - a ring of flight
 x - an amulet of reflection (around mantle)
 z - a ring of ice
Wands
 k - a wand of roots (12)
 n - a wand of acid (15)
 r - a wand of flame (39)
 y - a wand of mindburst (12)
Scrolls
 i - 8 scrolls of enchant armour
 p - 3 scrolls of identify
 u - 2 scrolls of poison
 v - a scroll of amnesia
 F - a scroll of butterflies
Potions
 a - a potion of magic
 b - a potion of ambrosia
 c - 4 potions of haste
 e - 2 potions of mutation
 g - 3 potions of flight
 o - 6 potions of curing
 w - 2 potions of lignification {unknown}


   Skills:
 + Level 9.0 Fighting
 + Level 9.3 Dodging
 + Level 12.9 Stealth
 - Level 8.0 Spellcasting
 - Level 6.0 Conjurations
 + Level 4.7 Summonings
 - Level 2.0 Transmutations
 - Level 2.0 Earth Magic
 - Level 8.0 Poison Magic


You had 12 spell levels left.
You knew the following spells:

 Your Spells              Type           Power      Damage    Failure   Level
a - Sting                 Tmut/Pois      100%       1d8       1%          1
b - Olgreb's Toxic Radia  Pois           42%        N/A       1%          4
c - Stone Arrow           Conj/Erth      50%        3d10      1%          3
d - Summon Hydra          Summ           14%        N/A       98%         7

Your spell library contained the following spells:

 Spells                   Type           Power      Damage    Failure   Level
 Inner Flame              Hex/Fire       8%         N/A       3%          3
 Poisonous Vapours        Pois/Air       50%        N/A       1%          2
 Mephitic Cloud           Conj/Pois/Air  27%        N/A       1%          3
 Wereblood                Tmut           16%        N/A       2%          2
 Sublimation of Blood     Necr           8%         N/A       4%          2
 Confusing Touch          Hex            8%         N/A       10%         3
 Gell's Gravitas          Tloc           8%         N/A       10%         3
 Lesser Beckoning         Tloc           8%         N/A       10%         3
 Teleport Other           Tloc           8%         N/A       10%         3
 Summon Lightning Spire   Summ/Air       18%        N/A       12%         4
 Yara's Violent Unravell  Hex/Tmut       6%         3d5       16%         5
 Cause Fear               Hex            4%         N/A       30%         4
 Dispersal                Tloc           4%         N/A       99%         6
 Lehudib's Crystal Spear  Conj/Erth      12%        10d4      99%         8
 Dragon Form              Tmut           8%         N/A       100%        7
 Enfeeble                 Hex            4%         N/A       100%        7
 Storm Form               Tmut/Air       6%         N/A       100%        7
 Maxwell's Capacitive Co  Air            4%         ∞         100%        8
 Dragon's Call            Summ           14%        N/A       100%        9
 Animate Armour           Summ/Erth      Unusable   N/A       N/A         4

Dungeon Overview and Level Annotations

Branches:
Dungeon (11/15)            Temple (1/1) D:5            Lair (2/5) D:11
  Swamp: Lair:2-3    Shoals: Lair:2-3     Snake: Lair:2-3    Spider: Lair:2-3
    Orc: D:9-12

Altars:
Ashenzari
Cheibriados
Fedhas
Vehumet
Wu Jian
Xom

Shops:
D:4 :   D:11 *

Annotations:
D:2 1 runed translucent door, Crazy Yiuf


Innate Abilities, Weirdness & Mutations

You cannot wear most types of armour.
You are amphibious.
You can wear up to eight rings at the same time.
Your skin changes colour to match your surroundings (Stealth+).
Your rubbery body absorbs attacks. (AC +1, EV +1)
((You are camouflaged when in or above water. (Stealth+)))
You have tentacles for arms and can constrict up to eight enemies at once.


Message History

The polar bear attacks as you move away!
The polar bear bites you but does no damage.
The polar bear completely misses you. The polar bear claws you.
* * * LOW HITPOINT WARNING * * *
A wolf comes into view.
An ice devil comes into view.
Found a stone staircase leading down.
Found a stone staircase leading down.
The polar bear attacks as you move away!
The polar bear completely misses you. The polar bear barely misses you.
The polar bear claws you but does no damage.
The polar bear attacks as you move away!
The polar bear closely misses you. x3
Found a spear.
The polar bear attacks as you move away!
The polar bear bites you but does no damage.
The polar bear claws you.
* * * LOW HITPOINT WARNING * * *
The polar bear claws you.
* * * LOW HITPOINT WARNING * * *
The polar bear attacks as you move away!
The polar bear bites you but does no damage.
The polar bear claws you but does no damage.
You block the polar bear's attack.
There is a stone staircase leading down here.
You can't go up here!
The polar bear bites you but does no damage.
The polar bear barely misses you. The polar bear misses you.
You climb downwards.
Found a leather armour.
Found a stone staircase leading down.
There is a stone staircase leading up here.
Casting: Stone Arrow (safe; 1% risk of failure)
Confirm with . or Enter, or press ? or * to list all spells.
Aiming: Stone Arrow (safe; 1% risk of failure)
Press: ? - help, Shift-Dir - straight line, f - polar bear
Aim: a polar bear (79% to hit)
The stone arrow hits the polar bear!!
The polar bear is heavily wounded.
The polar bear bites you.
You die...

.....##.#
...[.....
##.....>..
#.........
###.........
##...........
#P..#........
#....@.......
#...#.h........
. #..........#
#............
#...........#
#...........#
##..........#
.#.........#
..##......##


You could see a polar bear.

Vanquished Creatures
  Harold (D:11)
  3 two-headed ogres
  Nergalle (D:10)
  Amaemon (D:11)
  Lodul (D:10)
  Pikel (D:6)
  Maurice (D:8)
  A black mamba (Lair:1)
  An orange demon (D:11)
  Psyche (D:8)
  A freezing wraith (Lair:1)
  3 trolls
  Prince Ribbit (D:4)
  2 wyverns
  2 shadows
  A vampire (D:11)
  2 wraiths
  15 yaks
  4 fire bats (D:9)
  2 steam dragons (D:9)
  Edmund (D:5)
  A basilisk (D:11)
  Menkaure (D:5)
  3 wargs (D:11)
  A hell hound (D:9)
  2 water moccasins
  A black bear (D:6)
  2 orc warriors
  2 ice beasts
  A sky beast (D:6)
  10 ogres
  A wolf (Lair:1)
  4 centaurs
  2 phantoms (D:6)
  4 bullfrogs
  A gnoll sergeant (D:11)
  An earth elemental (D:11)
  A wyvern zombie (D:6)
  3 scorpions
  A water moccasin skeleton (D:6)
  10 wights
  5 killer bees (D:8)
  2 howler monkeys
  4 crimson imps (D:8)
  3 bullfrog zombies (D:6)
  2 centaur zombies
  2 jellies
  2 lava snakes (D:9)
  2 centaur skeletons (D:6)
  3 orc priests
  3 hounds
  3 iguanas
  5 orc wizards
  A killer bee zombie (D:6)
  6 gnolls
  5 adders
  2 shadow imps
  A white imp (Lair:1)
  3 ufetubi
  3 worms (D:2)
  3 dart slugs
  25 orcs
  10 ball pythons
  7 endoplasms
  5 giant cockroaches
  8 goblins
  9 hobgoblins
  2 quokkas (D:1)
  4 bats
  4 frilled lizards
  9 kobolds
  5 rats
  3 fire vortices (D:9)
249 creatures vanquished.

Vanquished Creatures (collateral kills)
  An ice dragon (Lair:1)
  2 rime drakes (Lair:1)
  An anaconda simulacrum (Lair:1)
  2 polar bears (Lair:1)
  A two-headed ogre simulacrum (Lair:1)
  A wolf simulacrum (Lair:1)
  A white imp (Lair:1)
9 creatures vanquished.

Vanquished Creatures (others)
  A killer bee (D:8)
  4 fungi
  14 plants
  2 withered plants (D:6)
21 creatures vanquished.

Grand Total: 279 creatures vanquished

Notes
Turn   | Place    | Note
-------+----------+-------------------------------------------
     0 | D:1      | voltaire321 the Octopode Venom Mage began the quest for the
                  | Orb.
     0 | D:1      | Reached XP level 1. HP: 11/11 MP: 3/3
   308 | D:1      | Reached XP level 2. HP: 18/18 MP: 0/5
   372 | D:1      | Reached skill level 3 in Stealth
   967 | D:2      | Reached XP level 3. HP: 22/22 MP: 3/6
  1359 | D:2      | Found a runed translucent door.
  1360 | D:2      | Noticed Crazy Yiuf
  1427 | D:2      | Reached skill level 1 in Fighting
  1727 | D:2      | Reached XP level 4. HP: 22/28 MP: 5/7
  2350 | D:3      | Learned a level 4 spell: Olgreb's Toxic Radiance
  2383 | D:3      | Found a faded altar of an unknown god.
  3230 | D:4      | Noticed an ogre
  3239 | D:4      | Killed an ogre
  3240 | D:4      | Reached skill level 4 in Stealth
  3240 | D:4      | Reached XP level 5. HP: 34/34 MP: 5/9
  3470 | D:4      | Learned a level 3 spell: Stone Arrow
  3590 | D:4      | Reached XP level 6. HP: 38/39 MP: 10/10
  3676 | D:4      | Found Jigilub's Book Shop.
  3821 | D:4      | Reached skill level 5 in Poison Magic
  3955 | D:4      | Reached skill level 5 in Stealth
  4161 | D:4      | Noticed an ice beast
  4177 | D:4      | Killed an ice beast
  4178 | D:4      | Reached XP level 7. HP: 31/45 MP: 9/12
  4305 | D:5      | Entered Level 5 of the Dungeon
  4329 | D:5      | Found a radiant altar of Vehumet.
  4331 | D:5      | Noticed Edmund
  4340 | D:5      | Noticed Prince Ribbit
  4352 | D:5      | Killed Edmund
  4608 | D:4      | Killed Prince Ribbit
  4609 | D:4      | Reached skill level 6 in Stealth
  4609 | D:4      | Reached XP level 8. HP: 19/52 MP: 7/13
  4844 | D:5      | Found a staircase to the Ecumenical Temple.
  5148 | D:5      | Noticed Menkaure
  5164 | D:5      | Killed Menkaure
  5179 | D:5      | Reached skill level 1 in Conjurations
  5534 | D:5      | Found a blossoming altar of Fedhas.
  5561 | D:5      | Became a worshipper of Vehumet
  6145 | Temple   | Entered the Ecumenical Temple
  6239 | D:5      | Reached skill level 7 in Stealth
  6510 | D:6      | Reached skill level 5 in Dodging
  6616 | D:6      | Reached XP level 9. HP: 59/59 MP: 9/16
  7236 | D:6      | Noticed Pikel
  7241 | D:6      | Killed Pikel
  7242 | D:6      | Reached skill level 5 in Fighting
  7242 | D:6      | Reached skill level 8 in Stealth
  7242 | D:6      | Reached skill level 5 in Spellcasting
  7809 | D:6      | Found a broken altar of Ashenzari.
  8638 | D:7      | Reached * piety under Vehumet
  8638 | D:7      | Offered knowledge of Sandblast by Vehumet.
  8947 | D:7      | Reached XP level 10. HP: 68/68 MP: 2/18
  9605 | D:8      | Found a shimmering altar of Xom.
  9715 | D:8      | Reached skill level 9 in Stealth
 10380 | D:8      | Noticed a two-headed ogre
 10390 | D:8      | Killed a two-headed ogre
 10768 | D:8      | Noticed Maurice
 10779 | D:8      | Killed Maurice
 11226 | D:8      | Reached skill level 5 in Conjurations
 11229 | D:8      | Noticed Psyche
 11237 | D:8      | Killed Psyche
 12191 | D:9      | Reached skill level 10 in Stealth
 12338 | D:9      | Reached XP level 11. HP: 37/74 MP: 9/21
 13953 | D:10     | Entered Level 10 of the Dungeon
 13953 | D:10     | Found a snail-covered altar of Cheibriados.
 14453 | D:10     | Offered knowledge of Magic Dart by Vehumet.
 14456 | D:10     | Reached ** piety under Vehumet
 14458 | D:10     | Reached skill level 11 in Stealth
 14626 | D:10     | Learned a level 7 spell: Summon Hydra
 14808 | D:10     | Noticed Lodul
 14831 | D:10     | Killed Lodul
 14832 | D:10     | Reached skill level 1 in Summonings
 15111 | D:10     | Noticed Nergalle
 15167 | D:10     | Killed Nergalle
 15895 | D:11     | Noticed Amaemon
 15927 | D:11     | Killed Amaemon
 15980 | D:11     | Offered knowledge of Inner Flame by Vehumet.
 16170 | D:11     | Noticed a two-headed ogre
 16181 | D:11     | Killed a two-headed ogre
 16182 | D:11     | Reached skill level 12 in Stealth
 16182 | D:11     | Reached XP level 12. HP: 62/83 MP: 4/23
 16807 | D:11     | Found a staircase to the Lair.
 16919 | D:11     | Noticed Harold
 16948 | D:11     | Killed Harold
 16949 | D:11     | Reached skill level 1 in Earth Magic
 17236 | D:11     | Noticed a two-headed ogre
 17247 | D:11     | Killed a two-headed ogre
 17853 | D:11     | Found Pull's Pet Rocks.
 17991 | Lair:1   | Entered Level 1 of the Lair of Beasts
 18188 | Lair:1   | Reached *** piety under Vehumet
 18485 | Lair:1   | Noticed an ice dragon
 18494 | Lair:1   | Killed an ice dragon
 18532 | Lair:1   | HP: 3/84 [freezing wraith (2)]
 18545 | Lair:1   | HP: 4/85 [polar bear (3)]
 18558 | Lair:1   | HP: 3/85 [polar bear (3)]
 18559 | Lair:1   | HP: 1/85 [polar bear (3)]
 18572 | Lair:1   | HP: 3/85 [polar bear (1)]
 18577 | Lair:2   | Slain by a polar bear

Illustrated notes

Levels and vault maps discovered:
D:1:      eino_arrival_druids_welcome, layout_basic, minmay_strange_pillars
D:2:      layout_rooms, small_statue_intersection,
          chequers_serial_rivers_room_b, chequers_big_river,
          uniq_crazy_yiuf_cottage
D:3:      layout_loops_corners, dreamdust_ecumenical_altar_hidden_monk_grotto,
          minmay_misc_feat_five
D:4:      layout_basic, serial_shops, nicolae_diamond_shop, serial_glass,
          glass_columns_b, glass_columns_c, glass_columns_c, glass_columns_b
D:5:      layout_loops_corners, marbit_many_paths, nicolae_vehumet_radiance,
          minmay_temple_entry_ruins, uniq_menkaure, uniq_prince_ribbit1,
          uniq_edmund
D:6:      layout_loops_corners, overflow_temple_1_default, serial_undead,
          serial_undead_c, serial_undead_e, serial_undead_f, serial_undead_c,
          serial_undead_f, serial_undead_f, uniq_pikel
D:7:      layout_basic
D:8:      layout_basic, led_xom_imps, uniq_psyche, uniq_maurice
D:9:      layout_basic, nicolae_concentric_dashed_squares_wild,
          hangedman_incinerator
D:10:     layout_loops_ring, cheibriados_altar_1, uniq_lodul, uniq_nergalle
D:11:     layout_rooms, erik_lair_orcish_takeover, serial_curves,
          eino_curves_03, eino_curves_01, guppyfry_shop_earth, uniq_amaemon,
          uniq_harold
Temple:   minmay_crystal_spiral_temple
Lair:1:   dreamdust_isle_of_ice, layout_regular_city, serial_bayou_shore_b
Lair:2:   layout_cave_pods, minivault_27, nicolae_quartered_pool_super,
          grunt_megastairs_2

Skill      XL: |  1  2  3  4  5  6  7  8  9 10 11 12 |
---------------+-------------------------------------+-----
Stealth        | 3 4 5 6 7 8 10 12 | 12.9
Fighting       | 1 2 3 4 5 6 8 9 |  9.0
Poison Magic   | 4 5 6 8 |  8.0
Transmutations | 2 |  2.0
Dodging        | 3 4 5 6 7 8 9 |  9.3
Spellcasting   | 3 4 5 6 7 8 |  8.0
Conjurations   | 2 4 5 6 |  6.0
Summonings     | 3 4 |  4.7
Earth Magic    | 2 |  2.0

Action                   |  1- 3 |  4- 6 |  7- 9 | 10-12 || total
-------------------------+-------+-------+-------+-------++-------
Melee: Unarmed           |    14 |       |       |       ||    14
       Short sword       |    22 |       |       |       ||    22
       Constrict         |    11 |    18 |    17 |    19 ||    65
       Tentacles         |     7 |    15 |    38 |    43 ||   103
       Whip              |     6 |    69 |   113 |    18 ||   206
       Punch             |     1 |     1 |     1 |     3 ||     6
       Rapier            |       |       |       |   123 ||   123
 Cast: Sting             |    51 |    25 |    23 |    12 ||   111
       Olgreb's Toxic Ra |       |       |    14 |    57 ||    71
       Stone Arrow       |       |       |    49 |   135 ||   184
Evoke: Wand              |       |       |     7 |       ||     7
  Use: Scroll            |       |       |    11 |    15 ||    26
       Potion            |       |       |     1 |     1 ||     2
 Stab: Sleeping          |     1 |     6 |     2 |     3 ||    12
       Distracted        |       |     1 |       |     1 ||     2
Armor: Skin              |     9 |    14 |    30 |    76 ||   129
Dodge: Dodged            |    28 |    41 |   114 |   193 ||   376
Block: Other             |       |       |     3 |    61 ||    64

Table legend: (Time is in decaauts)
 A = Elapsed time spent in this place.
 B = Non-inter-level travel time spent in this place.
 C = Inter-level travel time spent in this place.
 D = Time resting spent in this place.
 E = Time spent auto-exploring this place.
 F = Levels seen in this place.
 G = Mean time per level.
                   A        B        C        D        E       F      G
               +--------+--------+--------+--------+--------+-----+--------+
         Total |  18628 |  18025 |    603 |   7213 |   7765 |  14 | 1330.6 |
       Dungeon |  18035 |  17432 |    603 |   6817 |   7759 |  11 | 1639.5 |
        Temple |      1 |      1 |      0 |      0 |      0 |   1 |    1.0 |
          Lair |    591 |    591 |      0 |    396 |      6 |   2 |  295.5 |
               +--------+--------+--------+--------+--------+-----+--------+

Top non-repeatable levels by time:
     D:8: 2510 daAuts
    D:10: 2142 daAuts
    D:11: 1909 daAuts
     D:5: 1873 daAuts
     D:9: 1820 daAuts
     D:4: 1549 daAuts
     D:7: 1537 daAuts
     D:6: 1461 daAuts
     D:3: 1169 daAuts
     D:2: 1112 daAuts
     D:1: 948 daAuts
  Lair:1: 589 daAuts
  Temple: 1 daAuts
  Lair:2: 1 daAuts
